 Dungeon Sprint DCSS version 0.19-a0-1922-g1e9a4c1 (webtiles) character file.

7254 LORDOFBUTT the Shatterer (level 11, -7/143 HPs)
             Began as an Ogre Berserker on Oct 24, 2016.
             Was the Champion of Trog.
             Mangled by a catoblepas (10 damage)
             ... in the Dungeon (Sprint IX: "|||||||||||||||||||||||||||||").
             The game lasted 00:02:31 (1052 turns).

LORDOFBUTT the Shatterer (Ogre Berserker)           Turns: 1052, Time: 00:02:32

Health: -7/143     AC:  3    Str: 27    XL:     11   Next: 12%
Magic:  3/3        EV:  1    Int:  9    God:    Trog [******]
Gold:   0          SH:  0    Dex: 12    Spells: 0 memorised, 10 levels left

rFire  . . .     SeeInvis .     u - +5 giant club (antimagic)
rCold  . . .     Gourm    .     b - +0 animal skin
rNeg   + + +     Faith    .     (shield currently unavailable)
rPois  ∞         Spirit   .     (helmet restricted)
rElec  .         Reflect  .     (no cloak)
rCorr  .         Harm     .     (gloves unavailable)
MR     +....     NoTele   +     (boots unavailable)
Stlth  +.........               (no amulet)
                                n - +3 ring of intelligence
                                a - +3 ring of dexterity

@: exhausted, petrified, slowed
A: unfitting armour, tough skin 1
a: Berserk, Trog's Hand, Brothers in Arms, Burn Spellbooks, Renounce Religion


You were in the Dungeon.
You worshipped Trog.
Trog was exalted by your worship.
You were very hungry.

You visited 1 branch

Inventory:

Hand Weapons
 t - a +1 great mace of venom
 u - a +5 antimagic giant club (weapon)
Armour
 b - a +0 animal skin (worn)
Jewellery
 a - a +3 ring of dexterity (left hand)
 n - a +3 ring of intelligence (right hand)
Wands
 l - a wand of iceblast (7/15)
Scrolls
 i - 2 scrolls of blinking
 k - 3 scrolls of remove curse
 p - 2 scrolls of identify
 q - a scroll of fog
 r - a scroll of fear
 s - a scroll of recharging
Potions
 d - 7 potions of curing
 e - 7 potions of heal wounds
 f - a potion of haste
 g - 4 potions of magic
 h - a potion of berserk rage
 j - a potion of invisibility
 o - a potion of agility
Comestibles
 c - a bread ration


   Skills:
 + Level 18.4 Fighting
 + Level 21.0 Maces & Flails
 + Level 12.0 Dodging
 + Level 0.7 Stealth


You had 10 spell levels left.
You didn't know any spells.

Dungeon Overview and Level Annotations

Branches:
Dungeon (1/1)

Altars:
Cheibriados
Dithmenos
Elyvilon
Fedhas
Gozag
Hepliaklqana
Kikubaaqudgha
Makhleb
Nemelex Xobeh
Okawaru
Qazlal
Ru
Sif Muna
Trog
Uskayaw
Vehumet
Xom
Yredelemnul
Zin
The Shining One
Beogh
Jiyva
Lugonu


Innate Abilities, Weirdness & Mutations

You are too large for most types of armour.
You have tough skin. (AC +1)


Message History

The catoblepas is heavily wounded.
You are engulfed in calcifying dust.
Your limbs have turned to stone.
You have turned to stone.
You are engulfed in calcifying dust.
The catoblepas gores you.
The catoblepas gores you but does no damage.
You are no longer berserk.
You feel yourself slow down. The catoblepas gores you!!
* * * LOW HITPOINT WARNING * * *
The catoblepas gores you!
* * * LOW HITPOINT WARNING * * *
The catoblepas gores you!!
* * * LOW HITPOINT WARNING * * *
You are feeling very hungry.
The catoblepas breathes a plume of calcifying dust at you.
The blast of calcifying dust hits you!
* * * LOW HITPOINT WARNING * * *
You are engulfed in calcifying dust.
The catoblepas gores you!!
* * * LOW HITPOINT WARNING * * *
You are engulfed in calcifying dust.
The catoblepas gores you!!
You die...

▓_▓.▓.▓
▓_▓.▓.▓
▓_▓.▓.▓
▓_▓.▓†▓
▓_▓.▓)▓
▓_▓.▓†▓
▓_▓.▓§▓
▓_▓.▓§▓
▓_▓.▓@▓
▓_▓.▓Y▓
▓_▓.▓Y▓
▓_▓.▓Y▓
▓.▓.▓Y▓
▓'▓.▓Y▓
▓.▓.▓.▓
▓?▓.▓.▓
▓|▓.▓.▓


You could see a death yak, a catoblepas and 3 yaks.

Vanquished Creatures
  A centaur warrior (D)
  2 death yaks (D)
  A skeletal warrior (D)
  An unseen horror (D)
  A deep elf mage (D)
  2 spiny frogs (D)
  A black mamba (D)
  3 komodo dragons (D)
  A troll (D)
  A two-headed ogre (D)
  4 hippogriffs (D)
  2 yaks (D)
  2 water moccasins (D)
  3 porcupines (D)
  An orc warrior (D)
  A centaur (D)
  3 crocodiles (D)
  A bullfrog (D)
  A crimson imp (D)
  A hound (D)
  A worker ant (D)
  A gnoll (D)
  A bat zombie (D)
  A giant cockroach (D)
  A hobgoblin (D)
  A ball python skeleton (D)
  A frilled lizard (D)
  A goblin (D)
  2 jackal skeletons (D)
43 creatures vanquished.

Notes
Turn   | Place    | Note
-------+----------+-------------------------------------------
     0 | D        | LORDOFBUTT the Ogre Berserker began the quest for the Orb.
     0 | D        | Reached XP level 1. HP: 24/24 MP: 1/1
     9 | D        | Reached ** piety under Trog
     9 | D        | Reached skill level 5 in Fighting
     9 | D        | Reached skill level 5 in Maces & Flails
     9 | D        | Reached XP level 2. HP: 22/35 MP: 2/2
   129 | D        | Noticed a crimson imp
   133 | D        | Killed a crimson imp
   133 | D        | Reached skill level 7 in Maces & Flails
   133 | D        | Reached XP level 3. HP: 45/45 MP: 3/3
   141 | D        | Reached *** piety under Trog
   141 | D        | Reached XP level 4. HP: 55/55 MP: 4/4
   204 | D        | Found a roughly hewn altar of Beogh.
   204 | D        | Found a snail-covered altar of Cheibriados.
   204 | D        | Found a shadowy altar of Dithmenos.
   204 | D        | Found a white marble altar of Elyvilon.
   204 | D        | Found a blossoming altar of Fedhas.
   204 | D        | Found an opulent altar of Gozag.
   205 | D        | Found a hazy altar of Hepliaklqana.
   206 | D        | Found a viscous altar of Jiyva.
   207 | D        | Found an ancient bone altar of Kikubaaqudgha.
   208 | D        | Found a corrupted altar of Lugonu.
   209 | D        | Found a burning altar of Makhleb.
   210 | D        | Found a sparkling altar of Nemelex Xobeh.
   211 | D        | Found an iron altar of Okawaru.
   212 | D        | Found a stormy altar of Qazlal.
   213 | D        | Found a sacrificial altar of Ru.
   214 | D        | Found a deep blue altar of Sif Muna.
   215 | D        | Found a bloodstained altar of Trog.
   216 | D        | Found a hide-covered altar of Uskayaw.
   217 | D        | Found a radiant altar of Vehumet.
   218 | D        | Found a shimmering altar of Xom.
   219 | D        | Found a basalt altar of Yredelemnul.
   220 | D        | Found a glowing silver altar of Zin.
   221 | D        | Found a glowing golden altar of the Shining One.
   261 | D        | Noticed a centaur
   261 | D        | Noticed a hippogriff
   261 | D        | Noticed an orc warrior
   265 | D        | Killed an unseen horror
   265 | D        | Reached **** piety under Trog
   265 | D        | Reached skill level 10 in Fighting
   265 | D        | Reached skill level 11 in Maces & Flails
   265 | D        | Reached XP level 5. HP: 70/70 MP: 5/5
   265 | D        | Reached XP level 6. HP: 79/79 MP: 6/6
   271 | D        | Reached skill level 12 in Maces & Flails
   271 | D        | Reached XP level 7. HP: 88/88 MP: 7/7
   279 | D        | Killed a hippogriff
   279 | D        | Reached skill level 13 in Maces & Flails
   283 | D        | Reached ***** piety under Trog
   401 | D        | Noticed a two-headed ogre
   401 | D        | Noticed a skeletal warrior
   401 | D        | Noticed a troll
   401 | D        | Noticed a centaur warrior
   401 | D        | Noticed a deep elf mage
   401 | D        | Noticed a komodo dragon
   406 | D        | Killed a two-headed ogre
   406 | D        | Reached skill level 14 in Maces & Flails
   406 | D        | Reached XP level 8. HP: 101/101 MP: 8/8
   411 | D        | Killed a skeletal warrior
   411 | D        | Reached skill level 15 in Maces & Flails
   419 | D        | Killed a troll
   419 | D        | Reached skill level 16 in Maces & Flails
   419 | D        | Reached XP level 9. HP: 102/114 MP: 9/9
   424 | D        | Killed a centaur warrior
   424 | D        | Reached skill level 15 in Fighting
   424 | D        | Reached skill level 17 in Maces & Flails
   424 | D        | Reached skill level 10 in Dodging
   427 | D        | Killed a komodo dragon
   439 | D        | Killed a deep elf mage
   760 | D        | Noticed a black mamba
   760 | D        | Noticed a komodo dragon
   760 | D        | Noticed a spiny frog
   761 | D        | Noticed a komodo dragon
   765 | D        | Killed a black mamba
   765 | D        | Reached ****** piety under Trog
   765 | D        | Reached skill level 18 in Maces & Flails
   765 | D        | Reached XP level 10. HP: 127/127 MP: 10/10
   768 | D        | Received a gift from Trog
   781 | D        | Killed a spiny frog
   781 | D        | Reached skill level 19 in Maces & Flails
   972 | D        | Noticed a spiny frog
   977 | D        | Received a gift from Trog
   990 | D        | Killed a spiny frog
   990 | D        | Reached skill level 20 in Maces & Flails
   995 | D        | Received a gift from Trog
  1020 | D        | Noticed a death yak
  1020 | D        | Noticed a death yak
  1020 | D        | Noticed a catoblepas
  1024 | D        | Noticed a death yak
  1036 | D        | Killed a death yak
  1036 | D        | Reached XP level 11. HP: 100/141 MP: 3/11
  1039 | D        | Killed a death yak
  1039 | D        | Reached skill level 21 in Maces & Flails
  1051 | D        | HP: 3/143 [catoblepas (12)]
  1052 | D        | Mangled by a catoblepas

Vault maps used:
D:        linesprint

Skill      XL: |  1  2  3  4  5  6  7  8  9 10 11 |
---------------+----------------------------------+-----
Fighting       | 5 6 7 10 11 12 14 16 18 | 18.4
Maces & Flails | 5 7 11 12 14 16 18 20 21 | 21.0
Dodging        | 3 4 7 8 9 10 11 12 | 12.0
Stealth        | |  0.7

Action                   |  1- 3 |  4- 6 |  7- 9 | 10-12 || total
-------------------------+-------+-------+-------+-------++-------
Melee: Mace              |    20 |     6 |       |       ||    26
       Dire flail        |       |     7 |    43 |    29 ||    79
       Great mace        |       |       |       |    23 ||    23
       Giant club        |       |       |       |    15 ||    15
Invok: Berserk           |     1 |     1 |     2 |     2 ||     6
  Eat: Chunk             |       |       |     2 |     3 ||     5
Armor: Animal skin       |     4 |     5 |     3 |     4 ||    16
Dodge: Dodged            |     4 |     7 |    17 |    18 ||    46
